 Dungeon Crawl Stone Soup version 0.27-a0-1256-gced786f65e (webtiles) character file.

Game seed: 12715751134902730125

221 mordus the Cudgeller (level 5, -4/49 (50) HPs)
             Began as a Troll Monk on June 10, 2021.
             Slain by a wight
             ... wielding a +5 dire flail of freezing
              (16 damage)
             ... on level 4 of the Dungeon.
             The game lasted 00:05:07 (2214 turns).

mordus the Cudgeller (Troll Monk)                   Turns: 2214, Time: 00:05:08

HP:   -4/49 (50)    AC:  4    Str: 20    XL:     5   Next: 65%
MP:   4/4           EV: 10    Int:  6    God:
Gold: 171           SH:  0    Dex: 12    Spells: 4/4 levels left

rFire    . . .     SeeInvis .   a - +0 mace
rCold    . . .     Faith    .   (no shield)
rNeg     . . .     Spirit   .   b - +0 robe
rPois    .         Reflect  .   (helmet restricted)
rElec    .         Harm     .   (no cloak)
rCorr    .         Rampage  .   (gloves unavailable)
Will     .....                  (boots unavailable)
Stlth    ++........             (no amulet)
HPRegen  1.16/turn              (no ring)
MPRegen  0.09/turn              (no ring)

@: lightly drained
A: large, unfitting armour, claws 3, regeneration 1, shaggy fur 1, tough skin 1
a: no special abilities


You were on level 4 of the Dungeon.
You visited 1 branch of the dungeon, and saw 4 of its levels.

You collected 171 gold pieces.

Inventory:

Hand Weapons
 a - a +0 mace (weapon)
Missiles
 h - a throwing net (quivered)
Armour
 b - a +0 robe (worn)
Jewellery
 f - a +6 ring of strength
Scrolls
 c - a scroll of immolation {unknown}
 e - 3 scrolls of fear {unknown}
 i - a scroll of holy word {unknown}
 j - a scroll of vulnerability {unknown}
 k - a scroll of identify {unknown}
Potions
 d - 5 potions of heal wounds {unknown}
 g - a potion of mutation {unknown}


   Skills:
 - Level 2.4 Fighting
 * Level 5.0 Maces & Flails
 + Level 3.6 Dodging
 - Level 1.0 Stealth


You had 4 spell levels left.
You didn't know any spells.
Your spell library was empty.

Dungeon Overview and Level Annotations

Branches:
Dungeon (4/15)
 Temple: D:4-7

Altars:

Shops:
D:3 [


Innate Abilities, Weirdness & Mutations

You are too large for most types of armour.
You have claws for hands.
Your natural rate of healing is unusually fast.
You are covered in fur. (AC +1)
You have tough skin. (AC +1)


Message History

The wight closely misses you.
You hit the wight.
The wight is almost destroyed.
The wight hits you with a +0 dagger.
You feel drained.
You hit the wight.
The wight is almost destroyed.
The wight closely misses you.
You barely miss the wight.
The wight is almost destroyed.
The wight hits you with a +0 dagger.
You closely miss the wight.
The wight is almost destroyed.
The wight closely misses you. The wight hits you with a +0 dagger.
You feel drained.
You hit the wight.
You destroy the wight!
The wight barely misses you.
Your Maces & Flails skill increases to level 5!
You closely miss the wight.
The wight hits you with a +5 dire flail of freezing!
The wight freezes you.
You hit the wight but do no damage.
The wight hits you with a +5 dire flail of freezing!
* * * LOW HITPOINT WARNING * * *
The wight freezes you.
* * * LOW HITPOINT WARNING * * *
You hit the wight but do no damage. The wight closely misses you.
You hit the wight.
The wight is moderately damaged.
The wight barely misses you.
You hit the wight but do no damage.
The wight is moderately damaged.
The wight completely misses you.
You barely miss the wight.
The wight is moderately damaged.
The wight hits you but does no damage.
You hit the wight.
The wight is severely damaged.
The wight hits you with a +5 dire flail of freezing!
You die...

####.#
##.###.#.#.####.#
....#
#.###....#....#.# #..#
#.##..#.#####...#
#..###.##.....#....###
#...###.#.#.#.#.##.#
#.#........##.#.##.#
#...#########...##.#
#.############.###.#
#....)..z@.....# #.#
#.############## #.#
#...# #.# # #z#.#
#.#?#.# #..#.# ##...#
#≈≈.≈≈# #.≈#+#≈#


You could see a wight.

Vanquished Creatures
  A wight (D:4)
  A centaur skeleton (D:3)
  3 gnolls (D:2)
  4 adders
  4 dart slugs
  An orc (D:3)
  7 bats
  10 endoplasms
  A giant cockroach (D:3)
  4 goblins
  4 hobgoblins
  10 jackals
  11 ball pythons
  2 frilled lizards
  6 kobolds
  4 rats
73 creatures vanquished.

Notes
Turn   | Place    | Note
-------+----------+-------------------------------------------
     0 | D:1      | mordus the Troll Monk began the quest for the Orb.
     0 | D:1      | Reached XP level 1. HP: 22/22 MP: 0/0
    59 | D:1      | Reached skill level 3 in Maces & Flails
    62 | D:1      | Reached XP level 2. HP: 29/29 MP: 1/1
   177 | D:1      | Found a faded altar of an unknown god.
   395 | D:1      | Reached XP level 3. HP: 36/36 MP: 2/2
  1081 | D:2      | Reached skill level 4 in Maces & Flails
  1081 | D:2      | Reached XP level 4. HP: 43/44 MP: 3/3
  1393 | D:3      | Found Ziruoca's Antique Armour Shoppe.
  1820 | D:3      | Reached XP level 5. HP: 50/50 MP: 4/4
  2208 | D:4      | Reached skill level 5 in Maces & Flails
  2214 | D:4      | Slain by a wight

Illustrated notes

Levels and vault maps discovered:
D:1:      psy_arrival_dodecagon, layout_loops_ring,
          hellmonk_ecumenical_altar_run_dry
D:2:      layout_basic, mrwooster_statue_mirror
D:3:      layout_basic, serial_shops, shop
D:4:      layout_loops_ring, nicolae_tso_besieged_by_evil, kennysheep_mini_moat,
          uniq_sigmund

Skill      XL: |  1  2  3  4  5 |
---------------+----------------+-----
Maces & Flails | 3 4 5 |  5.0
Dodging        | 3 |  3.6
Fighting       | |  2.4
Stealth        | |  1.0

Action                   |  1- 3 |  4- 6 || total
-------------------------+-------+-------++-------
Melee: Mace              |   148 |   104 ||   252
 Stab: Sleeping          |     3 |     2 ||     5
Armor: Robe              |    89 |    36 ||   125
Dodge: Dodged            |   140 |    79 ||   219

Table legend: (Time is in decaauts)
 A = Elapsed time spent in this place.
 B = Non-inter-level travel time spent in this place.
 C = Inter-level travel time spent in this place.
 D = Time resting spent in this place.
 E = Time spent auto-exploring this place.
 F = Levels seen in this place.
 G = Mean time per level.
                   A        B        C        D        E       F      G
               +--------+--------+--------+--------+--------+-----+--------+
         Total |   2266 |   2204 |     62 |      5 |   1648 |   4 |  566.5 |
       Dungeon |   2266 |   2204 |     62 |      5 |   1648 |   4 |  566.5 |
               +--------+--------+--------+--------+--------+-----+--------+

Top non-repeatable levels by time:
     D:3: 770 daAuts
     D:1: 761 daAuts
     D:2: 625 daAuts
     D:4: 109 daAuts
